[Event "VIII Iberoamericano Mexico 2022"]
[Site "Mexico City"]
[Date "2022.02.18"]
[Round "7.22"]
[White "Perez Rodriguez, Luis Manuel"]
[Black "Pla, Silvio"]
[Result "1-0"]
[ECO "C01"]
[WhiteElo "2324"]
[BlackElo "2113"]
[Annotator "NA"]
[PlyCount "57"]
[EventDate "2022.02.12"]
[EventType "swiss"]
[EventCountry "MEX"]
[SourceTitle "playchess.com"]
[Source "ChessBase"]
[SourceQuality "1"]
[TimeControl "5400+30"]

1. e4 e5 2. Nf3 Nf6 3. Nxe5 d6 4. Nf3 Nxe4 5. d3 Nf6 6. d4 d5 7. Bd3 Bg4 8. O-O Be7 9. Bg5 h6 10. Bxf6 Bxf6 11. Re1+ Be7 12. h3 Bxf3 13. Qxf3 O-O 14. Nd2 Nc6 15. c3 Qd6 16. Nf1 Bg5 17. g3 g6 18. h4 Bf6 19. Ne3 Ne7 20. Ng4 Bg7 21. Qe3 Rae8 22. Nxh6+ Kh7 23. Ng4 Ng8 24. Qf3 f5 25. Rxe8 Rxe8 26. Ne3 Qf8 27. h5 Ne7 28. hxg6+ Kxg6 29. Qg4+ 1-0

[Event "VIII Iberoamericano Mexico 2022"]
[Site "Mexico City"]
[Date "2022.02.18"]
[Round "7.23"]
[White "Dominguez Aguilar, Guillermo"]
[Black "Fernandez Sanchez, Mario Andres"]
[Result "1-0"]
[ECO "B15"]
[WhiteElo "2321"]
[BlackElo "2093"]
[Annotator "ChessBase"]
[PlyCount "104"]
[EventDate "2022.02.12"]
[EventType "swiss"]
[EventCountry "MEX"]
[SourceTitle "playchess.com"]
[Source "ChessBase"]
[SourceQuality "1"]
[TimeControl "5400+30"]

1. e4 c6 2. d4 d5 3. Nc3 dxe4 4. Nxe4 Nf6 5. Nxf6+ exf6 6. c3 Bd6 7. Bd3 O-O 8. Ne2 Re8 9. Qc2 h5 10. Be3 Qa5 11. O-O h4 12. Rfe1 Qc7 13. h3 Be6 14. c4 Nd7 15. Rac1 Nf8 16. Qd2 Ng6 17. Kh1 Qd7 18. Ng1 Bc7 19. Bxg6 fxg6 20. Bf4 Bxf4 21. Qxf4 g5 22. Qd2 Rad8 23. Nf3 g4 24. hxg4 Bxg4 25. Ng1 Kf7 26. Rxe8 Rxe8 27. d5 Re5 28. f3 Bf5 29. Rd1 g5 30. Qd4 cxd5 31. cxd5 Kg6 32. d6 Re6 33. Qd5 a6 34. a4 Re5 35. Qg8+ Kh6 36. Rd4 Re6 37. Qb8 Re8 38. Qa7 Qc6 39. Rd2 h3 40. Qd4 hxg2+ 41. Kxg2 Kg6 42. Kg3 Rh8 43. b3 Rh1 44. Kg2 Rh4 45. Qe3 Rh7 46. Ne2 Rd7 47. Qe8+ Kg7 48. Nd4 Qd5 49. Nxf5+ Qxf5 50. Re2 Rf7 51. Re7 Qc2+ 52. Kg3 Qxb3 1-0

[Event "VIII Iberoamericano Mexico 2022"]
[Site "Mexico City"]
[Date "2022.02.18"]
[Round "7.24"]
[White "Capo Vidal, Uriel"]
[Black "Fernandez Pozas, Pablo Antonio"]
[Result "1-0"]
[ECO "D02"]
[WhiteElo "2306"]
[BlackElo "2072"]
[Annotator "NA"]
[PlyCount "61"]
[EventDate "2022.02.12"]
[EventType "swiss"]
[EventCountry "MEX"]
[SourceTitle "playchess.com"]
[Source "ChessBase"]
[SourceQuality "1"]
[TimeControl "5400+30"]

1. d4 e6 2. Nf3 Nf6 3. Bf4 c5 4. e3 d5 5. c3 Nc6 6. Nbd2 Bd6 7. Bg3 O-O 8. Bd3 b6 9. Ne5 Ne7 10. f4 Bb7 11. Qb1 Nf5 12. Bxf5 exf5 13. Qxf5 Ne4 14. Nxe4 dxe4 15. Rd1 Qc7 16. Nc4 Be7 17. d5 Rad8 18. Qxe4 Bf6 19. Qf3 Qd7 20. e4 Qa4 21. Ne3 Qxa2 22. e5 Qxb2 23. O-O Qxc3 24. Be1 Qb2 25. Rf2 Bxe5 26. Rxb2 Bxb2 27. Nf5 Rfe8 28. Bh4 Rd7 29. Rd2 Bd4+ 30. Rxd4 cxd4 31. Qg4 1-0

[Event "VIII Iberoamericano Mexico 2022"]
[Site "Mexico City"]
[Date "2022.02.18"]
[Round "7.25"]
[White "Avila Bautista, Roberto Al"]
[Black "Sanchez Enriquez, Oscar Gerardo"]
[Result "0-1"]
[ECO "A24"]
[WhiteElo "2090"]
[BlackElo "2305"]
[Annotator "NA"]
[PlyCount "68"]
[EventDate "2022.02.12"]
[EventType "swiss"]
[EventCountry "MEX"]
[SourceTitle "playchess.com"]
[Source "ChessBase"]
[SourceQuality "1"]
[TimeControl "5400+30"]

1. Nf3 g6 2. c4 Bg7 3. Nc3 d6 4. g3 Nf6 5. Bg2 O-O 6. O-O e5 7. b3 Nh5 8. Bb2 f5 9. e3 c6 10. Rc1 Re8 11. Qc2 a6 12. Rfd1 Nf6 13. Ne1 g5 14. d4 e4 15. b4 d5 16. cxd5 cxd5 17. Na4 Nc6 18. a3 f4 19. Bf1 Rf8 20. Qc5 fxe3 21. fxe3 Ng4 22. Ng2 Be6 23. Be2 Rf3 24. Nb6 Bf8 25. Bxf3 exf3 26. Qc3 Qxb6 27. h3 Nf6 28. Rf1 Ne4 29. Qc2 fxg2 30. Qxg2 Bd6 31. Rf3 g4 32. hxg4 Bxg4 33. Rcf1 Qd8 34. Bc3 Qg5 0-1

[Event "VIII Iberoamericano Mexico 2022"]
[Site "Mexico City"]
[Date "2022.02.18"]
[Round "7.26"]
[White "Herrera Ortiz, Miguel"]
[Black "Ortiz Verdezoto, Anahi"]
[Result "1-0"]
[ECO "C92"]
[WhiteElo "2297"]
[BlackElo "2047"]
[Annotator "ChessBase"]
[PlyCount "104"]
[EventDate "2022.02.12"]
[EventType "swiss"]
[EventCountry "MEX"]
[SourceTitle "playchess.com"]
[Source "ChessBase"]
[SourceQuality "1"]
[TimeControl "5400+30"]

1. e4 e5 2. Nf3 Nc6 3. Bb5 a6 4. Ba4 Nf6 5. O-O Be7 6. Re1 b5 7. Bb3 d6 8. c3 O-O 9. h3 Bb7 10. d4 Re8 11. Nbd2 Bf8 12. a3 Nb8 13. Ng5 Re7 14. Ndf3 exd4 15. Nxf7 Rxf7 16. Ng5 d5 17. e5 Re7 18. exf6 Rxe1+ 19. Qxe1 Qxf6 20. cxd4 Qe7 21. Bf4 Nd7 22. Qc3 Re8 23. Qxc7 Ba8 24. Nf3 Qf7 25. Bd6 Bxd6 26. Qxd6 Qe6 27. Qxe6+ Rxe6 28. Kf1 Nb6 29. Bc2 g6 30. Bd3 Nc4 31. b3 Na5 32. Rc1 Bc6 33. Ne5 Be8 34. Bc2 Nc6 35. Nf3 Rf6 36. Re1 Bf7 37. Re3 Rf4 38. g3 Rf6 39. Kg2 b4 40. axb4 Nxb4 41. Bd1 Nc6 42. Be2 Kg7 43. Rc3 h6 44. h4 Be8 45. Bxa6 Nxd4 46. Rc7+ Kf8 47. Nxd4 Rxa6 48. Kf3 Rb6 49. Ke3 g5 50. hxg5 hxg5 51. f3 Bf7 52. Kd3 g4 1-0

[Event "VIII Iberoamericano Mexico 2022"]
[Site "Mexico City"]
[Date "2022.02.18"]
[Round "7.27"]
[White "Rosales Campos, Paul"]
[Black "Sandoval Mercado, Carlos"]
[Result "1/2-1/2"]
[ECO "B87"]
[WhiteElo "2039"]
[BlackElo "2289"]
[Annotator "NA"]
[PlyCount "70"]
[EventDate "2022.02.12"]
[EventType "swiss"]
[EventCountry "MEX"]
[SourceTitle "playchess.com"]
[Source "ChessBase"]
[SourceQuality "1"]
[TimeControl "5400+30"]

1. e4 c5 2. Nf3 d6 3. d4 cxd4 4. Nxd4 Nf6 5. Nc3 a6 6. Bc4 e6 7. Bb3 b5 8. Bg5 Be7 9. Qf3 Qc7 10. Bxf6 Bxf6 11. e5 Bxe5 12. Qxa8 Bxd4 13. Qf3 Bb7 14. Qg3 O-O 15. O-O-O Nc6 16. Ne4 Be5 17. f4 Nd4 18. Rhe1 Nxb3+ 19. axb3 Bxe4 20. Rxe4 Bf6 21. Re2 a5 22. Qd3 d5 23. f5 exf5 24. Qxb5 d4 25. Re8 g6 26. h3 Rxe8 27. Qxe8+ Kg7 28. Kb1 h5 29. Qe2 h4 30. Rd3 Qf4 31. Rf3 Qd6 32. Rd3 Qh2 33. Rf3 Qg1+ 34. Ka2 Qh2 35. Kb1 Qg1+ 1/2-1/2

[Event "VIII Iberoamericano Mexico 2022"]
[Site "Mexico City"]
[Date "2022.02.18"]
[Round "7.28"]
[White "Medina Diaz, Rafael Alejandro"]
[Black "Montes Orozco, Miguel Angel"]
[Result "1/2-1/2"]
[ECO "C78"]
[WhiteElo "2287"]
[BlackElo "1914"]
[Annotator "NA"]
[PlyCount "68"]
[EventDate "2022.02.12"]
[EventType "swiss"]
[EventCountry "MEX"]
[SourceTitle "playchess.com"]
[Source "ChessBase"]
[SourceQuality "1"]
[TimeControl "5400+30"]

1. e4 e5 2. Nf3 Nc6 3. Bb5 a6 4. Ba4 Nf6 5. O-O b5 6. Bb3 Bc5 7. c3 d6 8. a4 Bb7 9. d4 Bb6 10. Re1 O-O 11. Bg5 h6 12. Bh4 exd4 13. cxd4 g5 14. Bg3 Re8 15. d5 Ne5 16. Nd4 Ng6 17. f3 Nh5 18. Bf2 Qf6 19. axb5 Nhf4 20. Ne2 Bxf2+ 21. Kxf2 Nxg2 22. Rf1 N2h4 23. Nd2 Rxe4 24. Kg1 Re3 25. Nc3 Ne5 26. f4 Nd3 27. Nde4 Qd4 28. Ra4 Qa7 29. Kh1 Nxf4 30. Nf6+ Kg7 31. Rfxf4 gxf4 32. Qg4+ Ng6 33. Nh5+ Kh7 34. Qf5 Re7 1/2-1/2

[Event "VIII Iberoamericano Mexico 2022"]
[Site "Mexico City"]
[Date "2022.02.18"]
[Round "7.29"]
[White "Arvizu Borchardt, David Ivan"]
[Black "Martin Del Campo Cardenas, Roberto Abel"]
[Result "0-1"]
[ECO "B67"]
[WhiteElo "1987"]
[BlackElo "2250"]
[Annotator "NA"]
[PlyCount "70"]
[EventDate "2022.02.12"]
[EventType "swiss"]
[EventCountry "MEX"]
[SourceTitle "playchess.com"]
[Source "ChessBase"]
[SourceQuality "1"]
[TimeControl "5400+30"]

1. e4 c5 2. Nf3 d6 3. d4 cxd4 4. Nxd4 Nf6 5. Nc3 Nc6 6. Bg5 e6 7. Qd2 a6 8. O-O-O Bd7 9. f4 b5 10. Bxf6 gxf6 11. Kb1 Qb6 12. Nxc6 Bxc6 13. f5 b4 14. Ne2 e5 15. Ng3 Qc5 16. Be2 a5 17. Nh5 Be7 18. Ng7+ Kd7 19. Bf3 a4 20. Rc1 a3 21. b3 Bf8 22. Nh5 Bh6 23. Qd3 Bxc1 24. Rxc1 Ke7 25. c4 bxc3 26. Rxc3 Bb5 27. Qd2 Qg1+ 28. Rc1 Qb6 29. h4 Rac8 30. Rd1 Rhg8 31. Qh6 Qf2 32. Qxf6+ Ke8 33. Qh6 Ke7 34. Qd2 Bd3+ 35. Ka1 Qxd2 0-1

[Event "VIII Iberoamericano Mexico 2022"]
[Site "Mexico City"]
[Date "2022.02.18"]
[Round "7.30"]
[White "Fernandez Rivero, Karla July"]
[Black "Frey Beckman, Kenneth"]
[Result "0-1"]
[ECO "E11"]
[WhiteElo "2025"]
[BlackElo "2242"]
[Annotator "NA"]
[PlyCount "82"]
[EventDate "2022.02.12"]
[EventType "swiss"]
[EventCountry "MEX"]
[SourceTitle "playchess.com"]
[Source "ChessBase"]
[SourceQuality "1"]
[TimeControl "5400+30"]

1. d4 Nf6 2. c4 e6 3. Nf3 d5 4. g3 Bb4+ 5. Bd2 Be7 6. Qc2 O-O 7. Bg2 c6 8. O-O b6 9. b3 a5 10. Rc1 Ba6 11. Bf4 Nh5 12. Bd2 Nd7 13. a4 Nhf6 14. Be1 Rc8 15. Nbd2 c5 16. e3 cxd4 17. exd4 Bb4 18. Qb2 Qe7 19. Bf1 Bb7 20. Bg2 Ba8 21. Nf1 Bxe1 22. Nxe1 e5 23. Ne3 exd4 24. Qxd4 Qc5 25. Qf4 dxc4 26. Bxa8 Rxa8 27. Nd3 cxd3 28. Rxc5 Nxc5 29. Rb1 Rfd8 30. Qf3 Nfe4 31. Qg4 Nc3 32. Rf1 Rd4 33. Qg5 Rad8 34. h4 d2 35. Nd1 h6 36. Qe3 Nxd1 37. Rxd1 Rd3 38. Qe5 Rxb3 39. Qc7 Rbd3 40. Qxb6 Nxa4 41. Qxa5 Nb2 0-1

[Event "VIII Iberoamericano Mexico 2022"]
[Site "Mexico City"]
[Date "2022.02.18"]
[Round "7.31"]
[White "Blanco Fernandez, Alvaro"]
[Black "Encinas Varela, David"]
[Result "1/2-1/2"]
[ECO "E92"]
[WhiteElo "2216"]
[BlackElo "1862"]
[Annotator "NA"]
[PlyCount "131"]
[EventDate "2022.02.12"]
[EventType "swiss"]
[EventCountry "MEX"]
[SourceTitle "playchess.com"]
[Source "ChessBase"]
[SourceQuality "1"]
[TimeControl "5400+30"]

1. d4 Nf6 2. c4 g6 3. Nc3 Bg7 4. e4 d6 5. Be2 O-O 6. Be3 Nc6 7. Nf3 e5 8. d5 Ne7 9. Nd2 Nd7 10. Qc2 f5 11. f3 b6 12. O-O-O a5 13. Kb1 Nc5 14. Nb3 Bd7 15. Nxc5 bxc5 16. a4 Nc8 17. Nb5 Nb6 18. b3 Be8 19. Bd3 Nd7 20. g4 f4 21. Bf2 Nb8 22. Bf1 Na6 23. h4 Nb4 24. Qe2 Bxb5 25. cxb5 h6 26. g5 h5 27. Bh3 Re8 28. Kb2 Rb8 29. Qc4 Kh7 30. Ra1 Rb7 31. Rhc1 Qb8 32. Be1 Qa7 33. Bc3 Re7 34. Rd1 Bf8 35. Rd2 Rg7 36. Qf1 Re7 37. Rc1 Rb8 38. Be6 Ra8 39. Qh3 Bg7 40. Bf5 Rf8 41. Be6 Qb6 42. Qg2 c6 43. Bxb4 cxb5 44. Ba3 b4 45. Rc4 bxa3+ 46. Kxa3 Rb8 47. Rb2 Reb7 48. Qc2 Qd8 49. Bh3 Rb4 50. Rxb4 Rxb4 51. Bf1 Qb8 52. Qg2 Rd4 53. Bb5 Qb6 54. Rc2 Rd1 55. Rc4 Rd3 56. Qh3 Re3 57. Ka2 Re2+ 58. Kb1 Re1+ 59. Kc2 Re2+ 60. Kc1 Re3 61. Kc2 Re2+ 62. Kc1 Re3 63. Kb2 Re2+ 64. Ka3 Re3 65. Kb2 Re2+ 66. Kc1 1/2-1/2

[Event "VIII Iberoamericano Mexico 2022"]
[Site "Mexico City"]
[Date "2022.02.18"]
[Round "7.32"]
[White "Chinchilla Miranda, Eugenio"]
[Black "Torres Rivas, Felipe de Jesus"]
[Result "1-0"]
[ECO "D37"]
[WhiteElo "2193"]
[BlackElo "1845"]
[Annotator "NA"]
[PlyCount "87"]
[EventDate "2022.02.12"]
[EventType "swiss"]
[EventCountry "MEX"]
[SourceTitle "playchess.com"]
[Source "ChessBase"]
[SourceQuality "1"]
[TimeControl "5400+30"]

1. d4 d5 2. c4 e6 3. Nc3 Nf6 4. Nf3 Be7 5. Bf4 O-O 6. Rc1 c6 7. e3 Nbd7 8. h3 Ne4 9. cxd5 exd5 10. Nxe4 dxe4 11. Nd2 Nf6 12. Bc4 Bf5 13. O-O Nd5 14. Bh2 Bd6 15. Qb3 Bxh2+ 16. Kxh2 Qd6+ 17. Kg1 Nb6 18. a4 Qg6 19. Kh2 Qd6+ 20. Kh1 Qh6 21. Rfd1 Qh4 22. a5 Nxc4 23. Nxc4 Rae8 24. d5 Bxh3 25. gxh3 cxd5 26. Rxd5 Re6 27. Rd6 Rxd6 28. Nxd6 Qxh3+ 29. Kg1 Qg4+ 30. Kf1 Qf3 31. Qc4 Qh1+ 32. Ke2 Qh5+ 33. Ke1 Qxa5+ 34. b4 Qb6 35. Nxe4 h5 36. Ng5 Qg6 37. f4 h4 38. Qc2 Qh6 39. Qf5 g6 40. Qg4 Re8 41. Rc8 Qf8 42. Qxh4 Qxb4+ 43. Ke2 Qb5+ 44. Kf2 1-0

[Event "VIII Iberoamericano Mexico 2022"]
[Site "Mexico City"]
[Date "2022.02.18"]
[Round "7.33"]
[White "Zaragoza Alanis, Miguel Arnulfo"]
[Black "Hernandez Jimenez, Alexander Andres"]
[Result "0-1"]
[ECO "B90"]
[WhiteElo "1342"]
[BlackElo "2167"]
[Annotator "NA"]
[PlyCount "76"]
[EventDate "2022.02.12"]
[EventType "swiss"]
[EventCountry "MEX"]
[SourceTitle "playchess.com"]
[Source "ChessBase"]
[SourceQuality "1"]
[TimeControl "5400+30"]

1. e4 c5 2. Nf3 d6 3. d4 cxd4 4. Nxd4 Nf6 5. Nc3 a6 6. f3 e5 7. Nb3 Be6 8. Be3 h5 9. Nd5 Bxd5 10. exd5 Nbd7 11. c4 g6 12. Bd3 Bg7 13. Qd2 O-O 14. Na5 e4 15. Be2 exf3 16. gxf3 Re8 17. Nb3 b5 18. Nd4 Ne5 19. b3 bxc4 20. bxc4 Rc8 21. Rc1 Qd7 22. O-O Qa4 23. Bd1 Qa3 24. Rc3 Qb4 25. a3 Qa5 26. Nb3 Qd8 27. Be2 Nfd7 28. Rc2 Qh4 29. Nd4 Nxc4 30. Rxc4 Rxc4 31. Nc6 Rc3 32. Bf2 Qa4 33. Bd1 Qc4 34. Re1 Rxe1+ 35. Qxe1 Ne5 36. Bg3 Rc1 37. Kg2 Qd3 38. Bxe5 Rxd1 0-1

[Event "VIII Iberoamericano Mexico 2022"]
[Site "Mexico City"]
[Date "2022.02.18"]
[Round "7.34"]
[White "Gongora Montes, Benjamin"]
[Black "Ramirez Toledo, Ayleen Maribel"]
[Result "1-0"]
[ECO "E62"]
[WhiteElo "2157"]
[BlackElo "1810"]
[Annotator "NA"]
[PlyCount "91"]
[EventDate "2022.02.12"]
[EventType "swiss"]
[EventCountry "MEX"]
[SourceTitle "playchess.com"]
[Source "ChessBase"]
[SourceQuality "1"]
[TimeControl "5400+30"]

1. d4 Nf6 2. Nf3 g6 3. g3 Bg7 4. Bg2 O-O 5. O-O d6 6. c4 Nc6 7. Nc3 Bg4 8. h3 Bxf3 9. Bxf3 Nd7 10. Be3 e5 11. d5 Ne7 12. Bg2 f5 13. f4 h6 14. fxe5 Nxe5 15. c5 Nc4 16. Bf2 g5 17. Qc2 dxc5 18. Bxc5 Nd6 19. Rad1 Be5 20. Rd3 Ng6 21. Rdf3 Qe8 22. Qd3 Ne7 23. Bd4 Ng6 24. Bc5 Ne7 25. e4 f4 26. gxf4 gxf4 27. Qd1 Kh7 28. Rd3 Rg8 29. Kh1 Rg5 30. Bf3 Qg6 31. Rg1 Rg8 32. Rxg5 Qxg5 33. Bf2 Ng6 34. Qg1 Qf6 35. Qg4 Ne7 36. Qh4 Qg7 37. Qh5 Qf6 38. Bh4 Qg7 39. Bg4 Ne8 40. Bxe7 Qxe7 41. Bf5+ Kg7 42. Be6 Nf6 43. Qxe5 Rf8 44. Qxf4 Rh8 45. Rg3+ Kf8 46. e5 1-0

[Event "VIII Iberoamericano Mexico 2022"]
[Site "Mexico City"]
[Date "2022.02.18"]
[Round "7.35"]
[White "Diaz Rosas, Julio Cesar"]
[Black "Santanna, Paulo"]
[Result "1-0"]
[ECO "C00"]
[WhiteElo "2393"]
[BlackElo "1928"]
[Annotator "NA"]
[PlyCount "77"]
[EventDate "2022.02.12"]
[EventType "swiss"]
[EventCountry "MEX"]
[SourceTitle "playchess.com"]
[Source "ChessBase"]
[SourceQuality "1"]
[TimeControl "5400+30"]

1. e4 c5 2. Nf3 e6 3. g3 Nc6 4. Bg2 Nf6 5. Qe2 d6 6. O-O Be7 7. c3 O-O 8. d4 cxd4 9. cxd4 d5 10. e5 Ne4 11. Nc3 Nxc3 12. bxc3 b6 13. h4 a5 14. Qc2 Ba6 15. Re1 h6 16. Be3 Re8 17. Nh2 Bf8 18. f4 Rc8 19. f5 exf5 20. Qxf5 Ne7 21. Qc2 Qd7 22. Rac1 Rc6 23. Qf2 Rec8 24. Bd2 f6 25. Nf3 Qf5 26. Kh2 g5 27. exf6 Rxf6 28. Re5 Qh7 29. hxg5 hxg5+ 30. Kg1 g4 31. Rg5+ Rg6 32. Ne5 Rxg5 33. Bxg5 Bh6 34. Bxh6 Qxh6 35. Bxd5+ Kg7 36. Qf7+ Kh8 37. Re1 Qh3 38. Qf6+ Kh7 39. Qxe7+ 1-0

[Event "VIII Iberoamericano Mexico 2022"]
[Site "Mexico City"]
[Date "2022.02.18"]
[Round "7.36"]
[White "Flores Guerrero, Jesus Aldair"]
[Black "Zacarias Rodriguez, Santiago"]
[Result "0-1"]
[ECO "A02"]
[WhiteElo "2251"]
[BlackElo "1896"]
[Annotator "NA"]
[PlyCount "80"]
[EventDate "2022.02.12"]
[EventType "swiss"]
[EventCountry "MEX"]
[SourceTitle "playchess.com"]
[Source "ChessBase"]
[SourceQuality "1"]
[TimeControl "5400+30"]

1. f4 Nf6 2. Nf3 g6 3. b3 Bg7 4. Bb2 O-O 5. e3 c5 6. Qc1 d5 7. Nc3 Nc6 8. Bb5 Na5 9. Be2 a6 10. O-O Nc6 11. Nd1 d4 12. Nf2 Nd5 13. Nd3 Qd6 14. c3 dxc3 15. dxc3 Nf6 16. Rd1 b6 17. c4 Qb8 18. Nf2 Ne8 19. Bxg7 Nxg7 20. Qc3 Qc7 21. a3 a5 22. g4 Re8 23. h3 Bb7 24. g5 Bc8 25. Kg2 Bf5 26. e4 Bc8 27. e5 Ne6 28. Kg3 Ncd4 29. Nxd4 Nxd4 30. Bd3 Bb7 31. Rd2 f6 32. gxf6 exf6 33. Ng4 fxe5 34. Nf6+ Kf7 35. Nxe8 exf4+ 36. Kf2 Rxe8 37. Rg1 Qe7 38. Bxg6+ hxg6 39. Rb2 Qh4+ 40. Kf1 Re3 0-1

[Event "VIII Iberoamericano Mexico 2022"]
[Site "Mexico City"]
[Date "2022.02.18"]
[Round "7.37"]
[White "Flores Irurso, Paul Josue"]
[Black "Guevara Sanchez, Erick Marvin"]
[Result "1-0"]
[ECO "B28"]
[WhiteElo "1912"]
[BlackElo "2145"]
[Annotator "NA"]
[PlyCount "77"]
[EventDate "2022.02.12"]
[EventType "swiss"]
[EventCountry "MEX"]
[SourceTitle "playchess.com"]
[Source "ChessBase"]
[SourceQuality "1"]
[TimeControl "5400+30"]

1. e4 c5 2. Nf3 a6 3. d4 cxd4 4. Nxd4 Nf6 5. Bd3 e5 6. Nf3 Nc6 7. O-O Bc5 8. Nc3 d6 9. h3 b5 10. a3 h6 11. b4 Bb6 12. Rb1 O-O 13. a4 bxa4 14. Nxa4 Ba7 15. c4 Rb8 16. Bd2 Be6 17. b5 axb5 18. cxb5 Nd4 19. b6 Bxb6 20. Rxb6 Nxf3+ 21. Qxf3 Rxb6 22. Nxb6 Qxb6 23. Bxh6 gxh6 24. Qxf6 Kh7 25. Kh2 Qd8 26. Qf3 Qe7 27. Qe3 f6 28. Ra1 Rf7 29. Ra8 Qb7 30. Ra6 Qc7 31. Be2 Rg7 32. Qd2 Rd7 33. Bb5 Rd8 34. Qe3 Rb8 35. Bc6 Bd7 36. Bd5 Rc8 37. Ra7 Qd8 38. Qb3 Kh8 39. Qb7 1-0

[Event "VIII Iberoamericano Mexico 2022"]
[Site "Mexico City"]
[Date "2022.02.18"]
[Round "7.38"]
[White "Alfaro, William"]
[Black "Alvidrez Aguirre, Genaro"]
[Result "1/2-1/2"]
[ECO "D77"]
[WhiteElo "2143"]
[BlackElo "1880"]
[Annotator "NA"]
[PlyCount "28"]
[EventDate "2022.02.12"]
[EventType "swiss"]
[EventCountry "MEX"]
[SourceTitle "playchess.com"]
[Source "ChessBase"]
[SourceQuality "1"]
[TimeControl "5400+30"]

1. d4 Nf6 2. Nf3 g6 3. g3 Bg7 4. Bg2 d5 5. O-O O-O 6. c4 dxc4 7. Na3 c3 8. bxc3 c5 9. Rb1 Nc6 10. Bf4 Nd5 11. Qc1 cxd4 12. cxd4 Nxf4 13. Qxf4 Nxd4 14. Nxd4 Qxd4 1/2-1/2

[Event "VIII Iberoamericano Mexico 2022"]
[Site "Mexico City"]
[Date "2022.02.18"]
[Round "7.39"]
[White "Lopez Padilla, Piero Raul"]
[Black "Vega Garcia, Jorge Arturo"]
[Result "1/2-1/2"]
[ECO "E01"]
[WhiteElo "1898"]
[BlackElo "2121"]
[Annotator "NA"]
[PlyCount "30"]
[EventDate "2022.02.12"]
[EventType "swiss"]
[EventCountry "MEX"]
[SourceTitle "playchess.com"]
[Source "ChessBase"]
[SourceQuality "1"]
[TimeControl "5400+30"]

1. d4 Nf6 2. c4 e6 3. g3 d5 4. Bg2 c6 5. Nd2 Nbd7 6. Ngf3 Bd6 7. O-O O-O 8. Qc2 Qe7 9. e4 dxe4 10. Nxe4 Nxe4 11. Qxe4 Nf6 12. Qe2 c5 13. Rd1 Rd8 14. Be3 cxd4 15. Nxd4 a6 1/2-1/2

[Event "VIII Iberoamericano Mexico 2022"]
[Site "Mexico City"]
[Date "2022.02.18"]
[Round "7.40"]
[White "Paredes Guzman, Francisco Javier"]
[Black "Limon Olmos, Ivan Alonso"]
[Result "1-0"]
[ECO "D45"]
[WhiteElo "1891"]
[BlackElo "2106"]
[Annotator "NA"]
[PlyCount "63"]
[EventDate "2022.02.12"]
[EventType "swiss"]
[EventCountry "MEX"]
[SourceTitle "playchess.com"]
[Source "ChessBase"]
[SourceQuality "1"]
[TimeControl "5400+30"]

1. d4 d5 2. c4 e6 3. Nc3 Nf6 4. Nf3 c6 5. e3 Nbd7 6. b3 Bb4 7. Bd2 O-O 8. Bd3 Qe7 9. Ne2 Bd6 10. Ng3 g6 11. O-O dxc4 12. bxc4 e5 13. Bc2 e4 14. Ng5 Bxg3 15. fxg3 Nb6 16. d5 Qe5 17. Rxf6 Qxg5 18. Rf4 Nxc4 19. Bc3 cxd5 20. Qd4 f6 21. Raf1 Be6 22. Bb3 Rac8 23. Qxa7 Ne5 24. Ba1 Rf7 25. Qb6 Rc6 26. Qd8+ Kg7 27. h4 Qxg3 28. Rxf6 Kh6 29. Bxe5 Qxe5 30. Rxf7 Bxf7 31. Qf8+ Qg7 32. Qxf7 1-0

[Event "VIII Iberoamericano Mexico 2022"]
[Site "Mexico City"]
[Date "2022.02.18"]
[Round "7.41"]
[White "Davalos Prieto, Abel Justo"]
[Black "Hernandez Morales, Dillan"]
[Result "1-0"]
[ECO "A45"]
[WhiteElo "2103"]
[BlackElo "1846"]
[Annotator "NA"]
[PlyCount "153"]
[EventDate "2022.02.12"]
[EventType "swiss"]
[EventCountry "MEX"]
[SourceTitle "playchess.com"]
[Source "ChessBase"]
[SourceQuality "1"]
[TimeControl "5400+30"]

1. d4 Nf6 2. Bf4 g6 3. Nc3 d5 4. e3 Bg7 5. h4 O-O 6. h5 c5 7. hxg6 fxg6 8. dxc5 Qa5 9. Qd2 Nc6 10. Nf3 Re8 11. Bb5 Bd7 12. Bxc6 Bxc6 13. Be5 Qxc5 14. Qd4 Qxd4 15. exd4 h6 16. O-O Nd7 17. Bxg7 Kxg7 18. Rfe1 e6 19. Re3 Re7 20. Rae1 Rae8 21. Ne5 Nxe5 22. Rxe5 b6 23. Nd1 Kf6 24. Ne3 h5 25. f4 Bb7 26. Kf2 Rf8 27. g3 Rff7 28. Ng2 Bc8 29. Nh4 Rg7 30. Nf3 Rc7 31. c3 Rc6 32. Rg5 b5 33. Ne5 Rcc7 34. a3 a5 35. Nd3 Rh7 36. Rh1 Rh8 37. Ke3 Bd7 38. Kd2 Be8 39. Nc5 Rhh7 40. Re5 Rce7 41. Nd3 Reg7 42. Rg5 Rb7 43. Kc2 Rhc7 44. Kb3 Ra7 45. Kc2 Rab7 46. Kd2 Rh7 47. Re1 Rb6 48. Rge5 Re7 49. Nc5 Bf7 50. Ra1 Ra7 51. Kc2 Rc7 52. Nb3 Ra6 53. Kd3 Raa7 54. Nc5 Re7 55. b3 Be8 56. a4 bxa4 57. bxa4 Rac7 58. Rb1 Rc6 59. Rb5 Ra7 60. Rb8 Bf7 61. c4 Rcc7 62. Rb6 dxc4+ 63. Kxc4 Ra8 64. d5 Be8 65. Rbxe6+ Kf7 66. d6 Rc6 67. Re7+ Kf8 68. Kd5 Rb6 69. Ne6+ Kg8 70. Nc7 Bc6+ 71. Kc5 Rab8 72. d7 Bxd7 73. Rxd7 Rb4 74. Ree7 Rc8 75. Kd5 Rxc7 76. Rxc7 Rxa4 77. Rc8# 1-0

[Event "VIII Iberoamericano Mexico 2022"]
[Site "Mexico City"]
[Date "2022.02.18"]
[Round "7.42"]
[White "Martinez Morales, Geovanni"]
[Black "Alvarado Zuniga, Noe"]
[Result "1-0"]
[ECO "B09"]
[WhiteElo "2098"]
[BlackElo "1666"]
[Annotator "NA"]
[PlyCount "139"]
[EventDate "2022.02.12"]
[EventType "swiss"]
[EventCountry "MEX"]
[SourceTitle "playchess.com"]
[Source "ChessBase"]
[SourceQuality "1"]
[TimeControl "5400+30"]

1. e4 g6 2. d4 Bg7 3. Nc3 d6 4. f4 Nf6 5. Nf3 O-O 6. Be3 Ng4 7. Bg1 e5 8. h3 exd4 9. Bxd4 Nf6 10. Bd3 Nc6 11. Be3 Qe7 12. O-O Bf5 13. Nd2 Nb4 14. Qf3 Bd7 15. Rac1 Nxd3 16. cxd3 a6 17. Rfe1 Rfe8 18. Bf2 c6 19. Bh4 Qf8 20. Nc4 d5 21. Nb6 dxe4 22. dxe4 Qb4 23. Nxa8 Rxa8 24. b3 h6 25. Red1 Be6 26. Kh1 Re8 27. Bf2 Qa5 28. Bd4 Bc8 29. e5 Nh7 30. Na4 Be6 31. Bb6 Qb4 32. Qc3 Qxf4 33. Re1 Bd5 34. Bd4 Ng5 35. Rcd1 Qh4 36. Re3 Ne4 37. Qe1 Qh5 38. Kg1 Bxe5 39. Bxe5 Rxe5 40. Nb6 f5 41. Nxd5 cxd5 42. Rc1 d4 43. Rc8+ Kf7 44. Qb4 dxe3 45. Qf8+ Ke6 46. Qg8+ Kf6 47. Qd8+ Ke6 48. Qg8+ Kf6 49. Qh8+ Kg5 50. Qxe5 Qd1+ 51. Kh2 e2 52. Qe7+ Kh5 53. g4+ fxg4 54. hxg4+ Kxg4 55. Qxe4+ Kh5 56. Rc5+ g5 57. Qe8+ Kg4 58. Qe4+ Kh5 59. Qe8+ Kg4 60. Rc4+ Kf3 61. Qh5+ Kf2 62. Qf7+ Ke3 63. Qe6+ Kf2 64. Qb6+ Kf3 65. Qxb7+ Ke3 66. Qe7+ Kf3 67. Qf6+ Ke3 68. Qe5+ Kf2 69. Qg3+ Kf1 70. Qg1# 1-0